 Dungeon Crawl Stone Soup version 0.31-a0-198-g2ad674f65e (webtiles) character file.

Game seed: 18192819496799878161

130 qw the Skirmisher (level 4, -2/25 HPs)
             Began as a Deep Elf Hunter on June 25, 2023.
             Slain by a kobold
             ... wielding a +0 whip
              (3 damage)
             ... on level 2 of the Dungeon.
             The game lasted 00:00:38 (1346 turns).

qw the Skirmisher (Deep Elf Hunter)                 Turns: 1346, Time: 00:00:39

Health: -2/25      AC:  6    Str: 10    XL:     4   Next: 90%
Magic:  6/6        EV: 11    Int: 14    God:
Gold:   73         SH:  0    Dex: 18    Spells: 3/3 levels left

rFire   . . .        Y - +0 shortbow
rCold   . . .        (shield currently unavailable)
rNeg    . . .        i - +0 ring mail
rPois   .            (no helmet)
rElec   .            (no cloak)
rCorr   .            (no gloves)
SInv    .            d - +0 pair of boots
Will    .....        (no amulet)
Stlth   +            (no ring)
HPRegen 0.24/turn    (no ring)
MPRegen 0.10/turn

%: no passive effects
@: about to teleport
A: no striking features
a: no special abilities


You were on level 2 of the Dungeon.
You visited 1 branch of the dungeon, and saw 2 of its levels.

You collected 73 gold pieces.


   Skills:
 - Level 1.5 Fighting
 + Level 8.3 Ranged Weapons
 - Level 2.4 Dodging
 - Level 1.2 Stealth


You had 3 spell levels left.
You didn't know any spells.
Your spell library was empty.

Inventory:

Hand Weapons
 Y - a +0 shortbow (weapon)
Armour
 d - a +0 pair of boots (worn)
 f - the +1 leather armour of Bemimor {Str+6 Int+3 Slay-6}
   (You found it on level 2 of the Dungeon)

   Str:       It affects your strength (+6).
   Int:       It affects your intelligence (+3).
   Slay:      It affects your accuracy & damage with ranged weapons and melee
   (-6).
 i - a +0 ring mail (worn)
Jewellery
 b - a ring of flight
Scrolls
 a - a scroll of blinking {unknown}
 g - a scroll of immolation {unknown}
Potions
 c - a potion of might {unknown}
 e - 2 potions of lignification {unknown}
 h - 2 potions of curing
 k - a potion of enlightenment {unknown}

Dungeon Overview and Level Annotations

Branches:
Dungeon (2/15)

Altars:


Message History

The kobold barely misses you.
The kobold hits you with a +0 short sword.
You shoot an arrow. The arrow closely misses the kobold.
The kobold completely misses you.
The kobold hits something but does no damage.
The kobold closely misses you.
You shoot an arrow. The arrow closely misses the kobold.
The kobold hits you with a +0 dagger.
The kobold hits something with a +0 whip.
The kobold hits you but does no damage.
You shoot an arrow. The arrow closely misses the kobold.
The kobold closely misses you.
The kobold hits something but does no damage.
The kobold hits you with a +0 short sword.
The kobold hits you with a +0 dagger.
You shoot an arrow.
The arrow hits the kobold but does no damage.
The kobold hits something but does no damage.
The kobold hits you with a +0 short sword.
The kobold hits you but does no damage.
You shoot an arrow. The arrow hits the kobold.
You kill the kobold!
The kobold barely misses you.
You shoot an arrow.
The arrow hits the kobold but does no damage.
The kobold closely misses you. The kobold hits you but does no damage.
The kobold hits you with a +0 short sword.
The kobold hits you with a +0 whip.
You shoot an arrow.
The arrow hits the kobold but does no damage.
A rat comes into view.
The kobold hits you but does no damage.
The kobold hits you with a +0 short sword.
1345 ||| READING scroll of teleportation.
As you read the scroll of teleportation, it crumbles to dust.
You feel strangely unstable. The kobold hits you with a +0 whip.
The kobold closely misses you.
You shoot an arrow. The arrow barely misses the kobold.
The kobold hits you with a +0 whip.
You die...

#.# #.# #.#
#.# ..%.7 #.#
#.# ยค...7
#.# #.# ...~
..# #.# ...
######%######
..P
............#


.PP ######.###.######K# .......# #......@K# ######.# ########## ### You could
see 2 kobolds.

Vanquished Creatures
  Terence (D:2)
  4 gnolls (D:2)
  2 adders (D:2)
  2 dart slugs (D:2)
  2 ball pythons (D:2)
  5 endoplasms
  A giant cockroach (D:1)
  5 goblins
  4 hobgoblins
  3 jackals (D:1)
  2 quokkas
  3 bats
  10 frilled lizards
  6 kobolds
  2 rats
52 creatures vanquished.

Notes
Turn   | Place    | Note
-------+----------+-------------------------------------------
     0 | D:1      | qw the Deep Elf Hunter began the quest for the Orb.
     0 | D:1      | Reached XP level 1. HP: 12/12 MP: 3/3
     0 | D:1      | 0 ||| qw: Version: 0.3-a-22-g0ed2b0b
     0 | D:1      | 0 ||| qw: Game counter: 4987
     0 | D:1      | 0 ||| qw: Melee chars always use a shield: true
     0 | D:1      | 0 ||| qw: God list: Okawaru
     0 | D:1      | 0 ||| qw: Allow faded altars: false
     0 | D:1      | 0 ||| qw: Do Orc after clearing Dungeon:15 true
     0 | D:1      | 0 ||| qw: Do second Lair branch before Depths: true
     0 | D:1      | 0 ||| qw: Lair rune preference: random
     0 | D:1      | 0 ||| qw: Goals: Normal
     0 | D:1      | 0 ||| PLANNING D:1-11
   182 | D:1      | Reached XP level 2. HP: 16/16 MP: 4/4
   186 | D:1      | Reached skill level 6 in Ranged Weapons
   595 | D:1      | 595 ||| UPGRADING to +0 pair of boots.
   600 | D:1      | 600 ||| UPGRADING to +0 ring mail.
   610 | D:1      | 610 ||| DROPPING +0 leather armour.
   611 | D:1      | 611 ||| READING scroll labelled WIUXEO EMID.
   612 | D:1      | 612 ||| READING scroll labelled KOAQAO JULUEMO.
   616 | D:1      | 616 ||| READING scroll labelled AZEGREEJIW.
   617 | D:1      | 617 ||| DRINKING 2 smoky inky potions.
   618 | D:1      | 618 ||| DROPPING scroll of butterflies.
   737 | D:2      | Reached XP level 3. HP: 20/20 MP: 5/5
   760 | D:2      | Reached skill level 7 in Ranged Weapons
   772 | D:2      | HP: 4/20 [gnoll/+0 spear (3)]
   776 | D:2      | Reached XP level 4. HP: 3/25 MP: 6/6
  1012 | D:2      | Noticed Terence
  1026 | D:2      | Killed Terence
  1027 | D:2      | Reached skill level 8 in Ranged Weapons
  1091 | D:2      | Identified the +1 leather armour of Bemimor {Str+6 Int+3
                  | Slay-6}
  1325 | D:2      | 1325 ||| Stepping ~*~*~tactically~*~*~ (outnumbered).
  1333 | D:2      | 1333 ||| Stepping ~*~*~tactically~*~*~ (outnumbered).
  1344 | D:2      | HP: 5/25 [kobold/+0 short sword (2)]
  1345 | D:2      | 1345 ||| READING scroll of teleportation.
  1345 | D:2      | HP: 1/25 [kobold/+0 whip (4)]
  1346 | D:2      | Slain by a kobold

Levels and vault maps discovered:
D:1:      dpeg_arrival_simpleton_b, layout_basic, serial_corexii_hall,
          chequers_hall_statues_wall_a, corexii_hall_statues_x,
          minmay_lizard_king
D:2:      layout_basic, lexackson_kobold_supper, uniq_terence

Skill      XL: |  1  2  3  4 |
---------------+-------------+-----
Ranged Weapons | 6 7 8 |  8.3
Fighting       | |  1.5
Dodging        | |  2.4
Stealth        | |  1.2

Action                     |  1- 3 |  4- 6 || total
---------------------------+-------+-------++-------
   Fire: Shortbow          |    89 |    71 ||   160
    Use: Scroll            |     3 |     1 ||     4
         Potion            |     1 |       ||     1
 Armour: Leather armour    |     7 |       ||     7
         Ring mail         |     4 |    18 ||    22
  Dodge: Dodged            |    33 |    26 ||    59

Table legend:
 A = Non-vault XP
 B = Vault XP
 C = Vault XP percentage of total XP
 D = Non-vault monster count
 E = Vault monster count
 F = Vault count percentage of total count
                 A         B        C        D         E       F
            +---------+---------+-------+---------+---------+-------
      Total |     145 |      42 |  22.5 |      42 |      10 |  19.2
            +---------+---------+-------+---------+---------+-------
        D:1 |      33 |       6 |  15.4 |      19 |       6 |  24.0
        D:2 |     112 |      36 |  24.3 |      23 |       4 |  14.8
            +---------+---------+-------+---------+---------+-------
